 Dungeon Crawl Stone Soup version 0.29.1-1-gd02db6906a (webtiles) character file.

Game seed: 12278547691886823040

179 Araneus the Cudgeller (level 5, 0/41 HPs)
             Began as a Demonspawn Fighter on Sept 30, 2022.
             Succumbed to a scorpion's poison
             ... on level 4 of the Dungeon.
             The game lasted 00:04:54 (3108 turns).

Araneus the Cudgeller (Demonspawn Fighter)          Turns: 3108, Time: 00:04:55

Health: 0/41       AC: 10    Str: 19    XL:     5   Next: 32%
Magic:  5/5        EV:  6    Int: 11    God:
Gold:   182        SH:  4    Dex: 12    Spells: 4/4 levels left

rFire   . . .      SeeInvis .   a - +0 flail
rCold   . . .      Faith    .   c - +0 buckler
rNeg    . . .      Spirit   .   n - +0 chain mail
rPois   .          Reflect  .   (no helmet)
rElec   .          Harm     .   (no cloak)
rCorr   .          Rampage  .   (no gloves)
Will    .....                   j - +0 pair of boots
Stlth   ..........              (no amulet)
HPRegen 0.13/turn               (no ring)
MPRegen 0.09/turn               (no ring)

@: lethally poisoned (0 -> -1)
A: spiny 1, big brain 1, weakness stinger 2
a: no special abilities


You were on level 4 of the Dungeon.
You visited 1 branch of the dungeon, and saw 4 of its levels.

You collected 182 gold pieces.

Inventory:

Hand Weapons
 a - a +0 flail (weapon)
Armour
 c - a +0 buckler (worn)
 j - a +0 pair of boots (worn)
 n - a +0 chain mail (worn)
Scrolls
 d - a scroll of amnesia {unknown}
 e - a scroll of brand weapon {unknown}
 f - a scroll of immolation {unknown}
 h - a scroll of fear {unknown}
 i - 4 scrolls of identify {unknown}
 k - a scroll of butterflies {unknown}
 l - a scroll of blinking {unknown}
 m - a scroll of enchant weapon {unknown}
 o - a scroll of teleportation {unknown}
 p - a scroll of magic mapping {unknown}
Potions
 g - a potion of lignification {unknown}


   Skills:
 - Level 3.0 Fighting
 + Level 5.1 Maces & Flails
 - Level 2.6 Armour
 - Level 2.6 Shields


You had 4 spell levels left.
You didn't know any spells.
Your spell library contained the following spells:

 Spells                   Type           Power      Damage    Failure   Level
 Borgnjor's Revivificati  Necr           0%         N/A       100%        8
 Necromutation            Tmut/Necr      0%         N/A       100%        8
 Death's Door             Necr           0%         N/A       100%        9


Dungeon Overview and Level Annotations

Branches:
Dungeon (4/15)
 Temple: D:4-7

Altars:
Fedhas
Kikubaaqudgha
Ru

Shops:
D:1 (


Innate Abilities, Weirdness & Mutations

You are partially covered in sharp spines.
You have an unusually large brain. (Int +2)
You have a tail ending in a sharp stinger.


Message History

You kill the scorpion!
You feel very sick.
You feel your intelligence returning.
Your Maces & Flails skill increases to level 5!
You have reached level 5!
Your demonic ancestry asserts itself...
Sharp spines emerge from parts of your body.
You hit the goblin but do no damage.
You feel very sick. The goblin is struck by your spines.
The goblin hits you with a +0 club.
* * * LOW HITPOINT WARNING * * *
The goblin hits you but does no damage.
You hit the goblin but do no damage.
The goblin is heavily wounded.
* * * LOW HITPOINT WARNING * * *
You feel very sick. The goblin is struck by your spines.
You kill the goblin!
* * * LOW HITPOINT WARNING * * *
You feel sick.
You hit the hobgoblin but do no damage.
* * * LOW HITPOINT WARNING * * *
You feel sick. The hobgoblin closely misses you.
You closely miss the hobgoblin.
* * * LOW HITPOINT WARNING * * *
You feel sick.
The hobgoblin hits you but does no damage.
You hit the hobgoblin but do no damage.
* * * LOW HITPOINT WARNING * * *
You feel sick.
The hobgoblin hits you but does no damage.
You completely miss the hobgoblin. You tail-slap the hobgoblin.
The hobgoblin is moderately wounded.
* * * LOW HITPOINT WARNING * * *
You feel sick.
The hobgoblin hits you but does no damage.
The hobgoblin hits you.
* * * LOW HITPOINT WARNING * * *
It was a potion of cancellation.
You feel magically purged.
You die...

#..##########.#
#..# #.# #..#
#.# #..# #.#
...# #.# ...##
#.# #### #.#
#.# #@#
#######g##
.<.......#
########..#
.....##...#
..>.......#
.###.##...# #
#...# #...#


You could see a hobgoblin.

Vanquished Creatures
  A scorpion (D:4)
  Robin (D:2)
  4 gnolls
  3 worms
  2 dart slugs (D:1)
  6 bats
  5 endoplasms
  A giant cockroach (D:2)
  11 goblins
  5 hobgoblins
  3 jackals (D:2)
  2 quokkas (D:1)
  3 ball pythons
  2 kobolds
  9 rats
58 creatures vanquished.

Vanquished Creatures (others)
  A human (D:3)
1 creature vanquished.

Grand Total: 59 creatures vanquished

Notes
Turn   | Place    | Note
-------+----------+-------------------------------------------
     0 | D:1      | Araneus the Demonspawn Fighter began the quest for the Orb.
     0 | D:1      | Reached XP level 1. HP: 18/18 MP: 1/1
    35 | D:1      | Reached skill level 2 in Maces & Flails
    49 | D:1      | Found a faded altar of an unknown god.
   140 | D:1      | Found Sajosueps's Weapon Boutique.
   175 | D:1      | Gained mutation: You have a small tail. [demonic ancestry]
   175 | D:1      | Reached XP level 2. HP: 24/24 MP: 2/2
   201 | D:1      | Reached skill level 3 in Maces & Flails
   955 | D:1      | Gained mutation: You have an unusually large brain. (Int
                  | +2) [demonic ancestry]
   955 | D:1      | Reached XP level 3. HP: 28/29 MP: 3/3
  1168 | D:2      | Noticed Robin
  1183 | D:2      | Killed Robin
  1806 | D:2      | Gained mutation: You have a tail ending in a sharp stinger.
                  | [demonic ancestry]
  1806 | D:2      | Reached XP level 4. HP: 35/35 MP: 4/4
  1828 | D:2      | Reached skill level 4 in Maces & Flails
  2359 | D:3      | Found a blossoming altar of Fedhas.
  2359 | D:3      | Found a sacrificial altar of Ru.
  2779 | D:3      | Found an ancient bone altar of Kikubaaqudgha.
  2782 | D:3      | Noticed a human
  2784 | D:3      | Killed a human
  3080 | D:4      | Noticed a scorpion
  3100 | D:4      | Killed a scorpion
  3101 | D:4      | Reached skill level 5 in Maces & Flails
  3101 | D:4      | Gained mutation: You are partially covered in sharp spines.
                  | [demonic ancestry]
  3101 | D:4      | Reached XP level 5. HP: 19/41 MP: 5/5
  3107 | D:4      | HP: 2/41 [poisoned by a scorpion]
  3108 | D:4      | Succumbed to a scorpion's poison

Illustrated notes

Levels and vault maps discovered:
D:1:      nicolae_arrival_somewhat_less_tricky_arrival, layout_basic,
          hellmonk_ecumenical_altar_heavens_door, serial_shops, shop
D:2:      layout_loops_ring, minmay_misc_feat_five, uniq_robin
D:3:      layout_basic, jmf_multi_god_temple, zin_academy, tgw_kikubaaqudgha,
          uniq_sigmund
D:4:      layout_loops_ring, uniq_menkaure, uniq_grinder

Skill      XL: |  1  2  3  4 |
---------------+-------------+-----
Maces & Flails | 2 3 5 |  5.1
Fighting       | |  3.0
Armour         | |  2.6
Shields        | |  2.6

Action                   |  1- 3 |  4- 6 || total
-------------------------+-------+-------++-------
Melee: Flail             |   103 |    58 ||   161
       Tailslap          |    10 |    11 ||    21
  Use: Potion            |     5 |     1 ||     6
Armor: Scale mail        |    43 |     6 ||    49
       Chain mail        |       |    11 ||    11
Dodge: Dodged            |    66 |    14 ||    80
Block: Buckler           |    22 |    15 ||    37
